 Dungeon Crawl Stone Soup version 0.24-a0-284-g9fb9971df1 (webtiles) character file.

Game seed: 10313348931370468682

14990 Redear the Grappler (level 12, -2/92 HPs)
             Began as an Octopode Transmuter on May 4, 2019.
             Was an Initiate of Gozag.
             Killed from afar by an ice dragon (5 damage)
             ... with a blast of cold
             ... in an ice cave.
             The game lasted 00:56:09 (13368 turns).

Redear the Grappler (Octopode Transmuter)          Turns: 13368, Time: 00:56:09

Health: -2/92      AC:  7    Str: 20    XL:     12   Next: 22%
Magic:  22/22      EV: 13    Int: 17    God:    Gozag
Gold:   1899       SH:  0    Dex: 12    Spells: 18/25 levels left

rFire    x . .     SeeInvis .     - Unarmed
rCold    + + +     Gourm    .   (shield currently unavailable)
rNeg     . . .     Faith    .   (helmet currently unavailable)
rPois    +         Spirit   .   r - amulet of regeneration {+Regen}
rElec    .         Reflect  .   o - ring of poison resistance {rPois}
rCorr    .         Harm     .   x - ring of stealth {Stlth+}
MR       ++...                  (no ring)
Stlth    ++........             (no ring)
HPRegen  0.65/turn              (no ring)
MPRegen  0.18/turn              (no ring)
                                (no ring)
                                (no ring)

@: mighty, ice-form
A: large, almost no armour, stealthy swim, amphibious, 8 rings, (constrict 8),
clever 1, magic resistance 2, wild magic 1
a: End Transformation, Potion Petition, Call Merchant, Bribe Branch, Renounce
Religion


You were in an ice cave.
You worshipped Gozag.
Gozag was most pleased with you.
You were not hungry.
You were a creature of crystalline ice.
You visited 2 branches of the dungeon, and saw 13 of its levels.
You also visited: Ice Cave.

You collected 2588 gold pieces.
You spent 636 gold pieces at shops.
You paid 53 gold pieces to Gozag.

Inventory:

Hand Weapons
 e - a +0 dagger of protection (melded)
 m - a +5 dagger
 G - the +9 falchion "Micsush" {antimagic, +Fly rC++ Str+3 Dex-2}
   (You found it on level 10 of the Dungeon)

   It reduces the magical energy of the wielder, and disrupts the spells and
   magical abilities of those hit.
   Natural abilities and divine invocations are not affected.
   It affects your strength (+3).
   It affects your dexterity (-2).
   It greatly protects you from cold.
   It lets you fly.
Missiles
 a - 160 arrows
 b - 2 javelins (quivered)
 h - 421 stones
Armour
 t - a +0 leather armour
Magical Staves
 C - an uncursed staff of fire {rF+}
Jewellery
 o - a ring of poison resistance (left front paw) {rPois}
 r - an amulet of regeneration (around neck) {+Regen}
 x - a ring of stealth (right front paw) {Stlth+}
 y - an uncursed amulet of faith {Faith}
 A - an uncursed amulet of the acrobat
Wands
 w - a wand of random effects (33)
 O - a wand of clouds (7)
 S - a wand of scattershot (4)
 V - a wand of flame (28)
Scrolls
 c - 2 scrolls of amnesia
 d - 2 scrolls of immolation
 f - 2 scrolls of noise
 j - 5 scrolls of enchant weapon
 k - a scroll of fear
 B - 2 scrolls of blinking
 D - 3 scrolls of fog
 E - 2 scrolls of enchant armour
 M - a scroll of magic mapping
 N - 6 scrolls of remove curse {@r2}
 T - a scroll of teleportation {@r3}
Potions
 g - 7 potions of brilliance {Archmagi Int+5 Wiz++}
 i - 2 potions of might {Str+5 DMG+1d10 | @q3}
 l - a potion of flight
 n - 2 potions of experience {unknown}
 p - 2 potions of magic
 q - a potion of agility {unknown}
 s - 3 potions of lignification
 u - a potion of berserk rage
 v - 2 potions of cancellation
 F - a potion of mutation {!q}
 H - 3 potions of haste {@q5}
 Q - 2 potions of curing {@q2}
Comestibles
 z - 17 rations


   Skills:
 - Level 5.0 Fighting
 + Level 7.4 Dodging
 + Level 10.8 Unarmed Combat
 - Level 7.3 Spellcasting
 - Level 7.9 Transmutations
 - Level 6.5 Ice Magic
 - Level 7.0 Evocations


You had 18 spell levels left.
You knew the following spells:

 Your Spells              Type           Power        Failure   Level  Hunger
I - Ice Form              Ice/Tmut       #####...     10%         4    ####...
S - Sticks to Snakes      Tmut           #####...     1%          2    None
Z - Beastly Appendage     Tmut           #####.       1%          1    None

Your spell library contained the following spells:

 Spells                   Type           Power        Failure   Level  Hunger
 Spider Form              Tmut/Pois      ####......   11%         3    ##.....
 Flame Tongue             Conj/Fire      #....        17%         1    None
 Magic Dart               Conj           #...         17%         1    None
 Blade Hands              Tmut           #####.....   17%         5    #####..
 Searing Ray              Conj           #.....       24%         2    None
 Dazzling Spray           Conj/Hex       #.....       43%         3    ##.....
 Static Discharge         Conj/Air       #.......     43%         3    ##.....
 Cause Fear               Hex            #.........   82%         4    ####...
 Force Lance              Conj/Tloc      #.......     82%         4    ####...
 Fulminant Prism          Conj/Hex       #.........   82%         4    ####...
 Iskenderun's Mystic Bla  Conj           #.......     82%         4    ####...
 Lightning Bolt           Conj/Air       #.........   98%         5    #####..
 Dragon Form              Tmut           #####.....   99%         7    #######
 Bolt of Fire             Conj/Fire      #.........   100%        6    #######
 Ignition                 Fire           #.........   100%        8    #######
 Dragon's Call            Summ           #.........   100%        9    #######
 Shatter                  Erth           #.........   100%        9    #######
 Tornado                  Air            #.........   100%        9    #######


Dungeon Overview and Level Annotations

Branches:
Dungeon (12/15)            Temple (1/1) D:4            Lair (0/6) D:10
    Orc (0/2) D:12

Altars:
Ashenzari
Cheibriados
Dithmenos
Elyvilon
Fedhas
Gozag
Hepliaklqana
Kikubaaqudgha
Makhleb
Nemelex Xobeh
Okawaru
Qazlal
Ru
Sif Muna
Trog
Uskayaw
Vehumet
Wu Jian
Xom
Yredelemnul
Zin
The Shining One

Shops:
D:6 *   D:10 ([   D:11 *

Annotations:
D:8 exclusion: two-headed ogre


Innate Abilities, Weirdness & Mutations

You cannot wear most types of armour.
You are very stealthy in the water. (Stealth+)
You are amphibious.
You can wear up to eight rings at the same time.
((You can use your tentacles to constrict eight enemies at once.))
((Your skin changes colour to match your surroundings (Stealth+).))
((Your rubbery body absorbs attacks. (AC +1, EV +1)))
Your mind is acute. (Int +2)
You are highly resistant to hostile enchantments. (MR++)
Your spells are a little harder to cast, but a little more powerful.


Message History

* * * LOW HITPOINT WARNING * * *
The ice dragon tramples you!
* * * LOW HITPOINT WARNING * * *
You hold your ground!
You take 26 damage, and have 2/92 hp.
MASSIVE DAMAGE!!
Unknown command.
Okay, then.
Unknown command.
Press: ? - help, v - describe, . - travel
Here: an ice dragon (almost dead)
The floor, spattered with blood.
Unknown command.
Unknown command.
As you read the scroll of fear, it crumbles to dust.
You assume a fearsome visage.
The ice dragon looks frightened!
The ice dragon roars deafeningly!
The ice dragon breathes frost at you. The blast of cold hits you. You resist.
You die...
Your body crumbles into a pile of gold.

##..###.## $$$$$$$# ####..##
### #### ####....##
###..D...## ##...######
##..### ### ###..## ###
########.. ##....###
##.######....#.... ........###
###Y..#.#...#.#.###.
........D.####...#..#..####.##
## ............#..#####.###
### # ............D### ###
..........D...#
............### ............#
# ..........### ### ###
#.#....#.## ##.## ###..


You could see 2 ice dragons.

Vanquished Creatures
  Harold (D:7)
  Josephine (D:10)
  2 two-headed ogres
  A manticore (D:11)
  2 ice statues (IceCv)
  A gargoyle (D:11)
  2 rime drakes (IceCv)
  A queen bee (D:11)
  A troll (D:9)
  3 hippogriffs (D:8)
  Sigmund (D:2)
  A shadow (D:11)
  10 yaks
  4 wraiths (D:10)
  2 wyverns (D:10)
  Grum (D:8)
  A basilisk (D:10)
  A steam dragon (D:10)
  A water moccasin (D:8)
  Duvessa (D:6)
  A swamp drake (D:10)
  16 ice beasts
  5 sky beasts
  An eye of draining (D:10)
  7 orc warriors
  3 wolves
  5 ogres
  A phantom (D:7)
  4 centaurs
  A crocodile (D:10)
  3 bullfrogs
  Dowan (D:6)
  A wyvern skeleton (D:12)
  15 killer bees
  2 scorpions
  An electric eel (D:10)
  2 howler monkeys (D:11)
  2 crimson imps
  2 bullfrog zombies
  3 hounds
  A quasit (D:11)
  A centaur zombie (D:10)
  A jelly (D:9)
  5 orc priests
  A bullfrog skeleton (D:6)
  5 iguanas
  Ijyb (D:3)
  Natasha (thrice) (D:2)
  2 orc wizards
  10 worker ants
  A hound zombie (D:5)
  A worker ant zombie (D:5)
  Robin (D:2)
  A howler monkey skeleton (D:11)
  4 gnolls (D:5)
  18 adders
  An adder skeleton (D:7)
  3 worms
  2 dart slugs
  5 leopard geckos
  40 orcs
  4 giant cockroaches
  12 goblins
  13 hobgoblins
  4 jackals (D:6)
  4 kobolds
  3 quokkas
  3 ball pythons
  11 bats
  6 frilled lizards
  2 jackal skeletons
  10 rats
293 creatures vanquished.

Notes
Turn   | Place    | Note
-------+----------+-------------------------------------------
     0 | D:1      | Redear the Octopode Transmuter began the quest for the Orb.
     0 | D:1      | Reached XP level 1. HP: 13/13 MP: 3/3
   319 | D:1      | Reached XP level 2. HP: 18/18 MP: 5/5
  1046 | D:1      | Reached XP level 3. HP: 23/23 MP: 6/6
  1657 | D:2      | Noticed Natasha
  1669 | D:2      | Noticed Robin
  1699 | D:2      | Killed Robin
  1699 | D:2      | Reached XP level 4. HP: 27/28 MP: 6/8
  1708 | D:2      | Reached skill level 3 in Transmutations
  2006 | D:2      | Noticed Sigmund
  2218 | D:2      | Killed Natasha
  2218 | D:2      | Reached skill level 3 in Spellcasting
  2427 | D:2      | Reached skill level 4 in Unarmed Combat
  2427 | D:2      | Reached XP level 5. HP: 31/33 MP: 9/9
  2433 | D:2      | Learned a level 4 spell: Ice Form
  2548 | D:2      | Killed Sigmund
  2548 | D:2      | Reached skill level 1 in Ice Magic
  2548 | D:2      | Reached XP level 6. HP: 38/38 MP: 9/11
  2693 | D:2      | Noticed Natasha
  2701 | D:2      | Killed Natasha
  2796 | D:2      | Noticed Natasha
  2806 | D:2      | Killed Natasha
  2979 | D:3      | Found an iron altar of Okawaru.
  3012 | D:3      | Reached skill level 4 in Transmutations
  3019 | D:3      | Reached skill level 2 in Ice Magic
  3153 | D:3      | Found a burning altar of Makhleb.
  3259 | D:3      | Reached XP level 7. HP: 21/43 MP: 12/12
  3318 | D:3      | Noticed Ijyb
  3331 | D:3      | Killed Ijyb
  3331 | D:3      | Reached skill level 4 in Spellcasting
  3993 | D:4      | Found a staircase to the Ecumenical Temple.
  4006 | Temple   | Entered the Ecumenical Temple
  4076 | Temple   | Became a worshipper of Gozag Ym Sagoz the Greedy
  4230 | D:4      | Reached skill level 5 in Unarmed Combat
  4252 | D:4      | Found a shadowy altar of Dithmenos.
  4474 | D:5      | Entered Level 5 of the Dungeon
  4705 | D:5      | Reached skill level 3 in Ice Magic
  4862 | D:5      | Reached XP level 8. HP: 24/48 MP: 14/14
  5042 | D:5      | Reached skill level 5 in Transmutations
  5079 | D:5      | Learned a level 2 spell: Sticks to Snakes
  5749 | D:6      | Reached skill level 5 in Spellcasting
  5862 | D:6      | Noticed Duvessa
  5863 | D:6      | Noticed Dowan
  5871 | D:6      | Killed Duvessa
  5871 | D:6      | Reached skill level 6 in Unarmed Combat
  5871 | D:6      | Reached skill level 4 in Ice Magic
  5889 | D:6      | Killed Dowan
  6128 | D:6      | Found Xomon's Assorted Antiques.
  6136 | D:6      | Bought a scroll of identify for 50 gold pieces
  6136 | D:6      | Bought a scroll of identify for 50 gold pieces
  6136 | D:6      | Bought a scroll labeled KEEWKA WIONUWN for 25 gold pieces
  6136 | D:6      | Bought a scroll labeled CUMMEFACOY for 25 gold pieces
  6136 | D:6      | Bought a dark potion for 22 gold pieces
  6136 | D:6      | Bought a long wooden wand for 100 gold pieces
  6136 | D:6      | Bought a bronze wand for 100 gold pieces
  6409 | D:6      | Found a blossoming altar of Fedhas.
  6554 | D:7      | Found a basalt altar of Yredelemnul.
  6635 | D:7      | Noticed Harold
  6636 | D:7      | Paralysed by Harold for 2 turns
  6651 | D:7      | Paralysed by Harold for 2 turns
  6656 | D:7      | Killed Harold
  6656 | D:7      | Reached skill level 7 in Unarmed Combat
  6656 | D:7      | Reached skill level 6 in Spellcasting
  6656 | D:7      | Reached skill level 6 in Transmutations
  6656 | D:7      | Reached skill level 5 in Ice Magic
  6656 | D:7      | Reached XP level 9. HP: 38/53 MP: 14/18
  7176 | D:7      | Found a glowing golden altar of the Shining One.
  7530 | D:8      | Noticed Grum
  7549 | D:7      | HP: 2/63 [phantom (8)]
  7649 | D:8      | Reached skill level 7 in Transmutations
  7649 | D:8      | Reached skill level 6 in Ice Magic
  7663 | D:8      | Found a sacrificial altar of Ru.
  7666 | D:8      | Found a hazy altar of Hepliaklqana.
  7764 | D:8      | Reached XP level 10. HP: 19/58 MP: 15/20
  7874 | D:8      | Killed Grum
  8005 | D:8      | Reached skill level 8 in Unarmed Combat
  8005 | D:8      | Reached skill level 7 in Spellcasting
  8005 | D:8      | Reached skill level 1 in Evocations
  8177 | D:8      | Reached skill level 2 in Evocations
  8244 | D:8      | Noticed a two-headed ogre
  8678 | D:9      | Noticed a two-headed ogre
  8869 | D:9      | You fall through a shaft for 2 floors!
  8892 | D:10     | Entered Level 10 of the Dungeon
  8919 | D:10     | Noticed a two-headed ogre
  9094 | D:10     | Reached skill level 3 in Evocations
  9428 | D:9      | HP: 7/72 [troll (13)]
 10196 | D:9      | Killed a two-headed ogre
 10196 | D:9      | Reached skill level 2 in Fighting
 10196 | D:9      | Reached skill level 3 in Dodging
 10324 | D:10     | Found Doih's Weapon Shop.
 10362 | D:9      | Reached skill level 3 in Fighting
 10362 | D:9      | Reached skill level 4 in Evocations
 10439 | D:10     | Found Iggexad's Armour Shop.
 10455 | D:10     | Reached XP level 11. HP: 67/67 MP: 16/21
 10521 | D:10     | Reached skill level 9 in Unarmed Combat
 10554 | D:10     | Noticed Josephine
 10559 | D:10     | Killed a two-headed ogre
 10559 | D:10     | Reached skill level 4 in Dodging
 10565 | D:10     | Killed Josephine
 10565 | D:10     | Reached skill level 4 in Fighting
 10565 | D:10     | Reached skill level 5 in Evocations
 10927 | D:10     | Got a brightly glowing falchion
 10934 | D:10     | Identified the +9 falchion "Micsush" {antimagic, +Fly rC++
                  | Str+3 Dex-2} (You found it on level 10 of the Dungeon)
 11055 | D:10     | Reached skill level 5 in Dodging
 11153 | D:10     | Found a staircase to the Lair.
 11297 | D:10     | You fall through a shaft!
 11584 | D:11     | Reached skill level 6 in Evocations
 11588 | D:11     | Reached skill level 5 in Fighting
 11782 | D:11     | Noticed a manticore
 11788 | D:11     | Killed a manticore
 11965 | D:11     | Reached skill level 10 in Unarmed Combat
 12075 | D:11     | Found Sapsoit's Changing Room.
 12114 | D:11     | Gained mutation: You are partially covered in iridescent
                  | scales. (AC +2) [potion of mutation]
 12114 | D:11     | Gained mutation: One of your tentacles bears a spike.
                  | [potion of mutation]
 12115 | D:11     | Bought 2 potions of mutation for 192 gold pieces
 12115 | D:11     | Lost mutation: One of your tentacles bears a spike. [potion
                  | of mutation]
 12115 | D:11     | Lost mutation: You are partially covered in iridescent
                  | scales. (AC +2) [potion of mutation]
 12115 | D:11     | Gained mutation: Your mind is acute. (Int +2) [potion of
                  | mutation]
 12115 | D:11     | Gained mutation: You are resistant to hostile enchantments.
                  | (MR+) [potion of mutation]
 12115 | D:11     | Gained mutation: Your spells are a little harder to cast,
                  | but a little more powerful. [potion of mutation]
 12115 | D:11     | Gained mutation: You are highly resistant to hostile
                  | enchantments. (MR++) [potion of mutation]
 12116 | D:11     | Bought a potion of lignification for 36 gold pieces
 12116 | D:11     | Bought a potion of lignification for 36 gold pieces
 12191 | D:11     | Reached skill level 6 in Dodging
 12845 | D:12     | Found a frozen archway.
 12849 | IceCv    | Entered an ice cave
 12856 | IceCv    | Reached skill level 7 in Evocations
 12867 | IceCv    | Reached XP level 12. HP: 77/77 MP: 22/22
 12939 | IceCv    | Reached skill level 7 in Dodging
 13316 | IceCv    | Noticed an ice dragon
 13318 | IceCv    | Noticed an ice dragon
 13365 | IceCv    | HP: 2/92 [ice dragon (9)]
 13368 | IceCv    | Killed from afar by an ice dragon

Levels and vault maps discovered:
D:1:      mrwooster_arrival_statue_2, layout_basic
D:2:      layout_basic, first_ration, minmay_fractal_squares_5, uniq_robin,
          uniq_sigmund, uniq_natasha
D:3:      layout_rooms, okawaru_gym_becter, marbit_many_paths,
          serial_bayou_pond_b, kennysheep_generic_room_16, uniq_ijyb
D:4:      layout_rooms, nicolae_overflow_crystal_walls,
          minmay_temple_entry_drinking_statues
D:5:      wander_river, layout_basic
D:6:      layout_basic, fedhas_altar_fruit_tree, serial_shops, shop,
          uniq_duvessa
D:7:      layout_gridville, tso_metal_star, yredelemnul_altar_generic,
          uniq_harold
D:8:      cheibrodos_barr_body, layout_loops_ring,
          chequers_temple_overflow_statue_of_worship, uniq_grum
D:9:      layout_grid_maze
D:10:     layout_big_octagon, erik_lair_dragon, serial_shops, shop,
          nicolae_shop_stone, enter_trove_5, minivault_4, uniq_josephine
D:11:     layout_grid_maze, david_nohive_1, nicolae_transmutations_shop
D:12:     minmay_dotted_concentric_squares, layout_loops_ring, erik_orc_1,
          portal_ice_cave_entry_pillars_1, minmay_misc_feat_iff,
          elves_outpost_lemuel
Temple:   regret_index_temple_generic_petals
IceCv:    ice_cave_small_dragons

Skill      XL: |  1  2  3  4  5  6  7  8  9 10 11 12 |
---------------+-------------------------------------+-----
Transmutations | 3 4 6 7 |  7.9
Spellcasting   | 3 4 6 7 |  7.3
Unarmed Combat | 4 5 7 8 10 | 10.8
Ice Magic      | 1 2 3 5 6 |  6.5
Evocations     | 4 7 |  7.0
Fighting       | 3 5 |  5.0
Dodging        | 3 6 7 |  7.4

Action                   |  1- 3 |  4- 6 |  7- 9 | 10-12 || total
-------------------------+-------+-------+-------+-------++-------
Melee: Unarmed           |    73 |   124 |    93 |   414 ||   704
       Constrict         |    19 |    31 |    54 |     5 ||   109
       Kick              |    14 |    15 |    31 |       ||    60
       Tentacles         |    11 |    19 |    46 |     9 ||    85
       Punch             |       |     2 |     9 |     7 ||    18
       Dagger            |       |       |   227 |    43 ||   270
Throw: Javelin           |       |       |       |     2 ||     2
 Cast: Beastly Appendage |     9 |     8 |    12 |     2 ||    31
       Ice Form          |       |       |    13 |    42 ||    55
       Sticks to Snakes  |       |       |       |    12 ||    12
 Abil: End Transformatio |       |       |       |     1 ||     1
Evoke: Wand              |       |       |    10 |    16 ||    26
  Use: Scroll            |       |     1 |    11 |     9 ||    21
       Potion            |       |     5 |     6 |     8 ||    19
 Stab: Sleeping          |     4 |     4 |     8 |     4 ||    20
       Distracted        |       |     1 |     1 |     5 ||     7
  Eat: Chunk             |     2 |     5 |     4 |       ||    11
       Ration            |       |       |     4 |     7 ||    11
Armor: Skin              |       |     5 |    86 |   101 ||   192
Dodge: Dodged            |    45 |    83 |   198 |   205 ||   531

Table legend:
 A = Non-vault XP
 B = Vault XP
 C = Vault XP percentage of total XP
 D = Non-vault monster count
 E = Vault monster count
 F = Vault count percentage of total count
                 A         B        C        D         E       F
            +---------+---------+-------+---------+---------+-------
      Total |   10836 |   10579 |  49.4 |     207 |      86 |  29.4
            +---------+---------+-------+---------+---------+-------
        D:1 |      35 |       0 |   0.0 |      20 |       0 |   0.0
        D:2 |     134 |     318 |  70.4 |      20 |      19 |  48.7
        D:3 |     150 |      66 |  30.6 |      22 |       7 |  24.1
        D:4 |     146 |       0 |   0.0 |      12 |       0 |   0.0
        D:5 |     638 |       0 |   0.0 |      26 |       0 |   0.0
        D:6 |     598 |     228 |  27.6 |      15 |       2 |  11.8
        D:7 |     500 |    1279 |  71.9 |      12 |       3 |  20.0
        D:8 |    1075 |    1481 |  57.9 |      18 |      12 |  40.0
        D:9 |    2034 |       0 |   0.0 |      14 |       0 |   0.0
       D:10 |    2677 |    2586 |  49.1 |      22 |      10 |  31.2
       D:11 |    2777 |    1195 |  30.1 |      25 |      15 |  37.5
       D:12 |      72 |       0 |   0.0 |       1 |       0 |   0.0
      IceCv |       0 |    3426 | 100.0 |       0 |      18 | 100.0
            +---------+---------+-------+---------+---------+-------
